 Dungeon Crawl Stone Soup version 0.29.1 (webtiles) character file.

Game seed: 15085468113322115763

167626 qw the Peltast (level 17, -19/247 HPs)
             Began as a Minotaur Berserker on Sept 13, 2022.
             Was an Elder of Trog.
             Demolished by Mlioglotl (23 damage)
             ... while paralysed by an apocalypse crab
             ... on level 4 of the Swamp.
             The game lasted 00:12:05 (35680 turns).

qw the Peltast (Minotaur Berserker)                Turns: 35680, Time: 00:12:06

Health: -19/247    AC: 33    Str: 27    XL:     17   Next: 32%
Magic:  16/16      EV:  2    Int:  8    God:    Trog [****..]
Gold:   3506       SH:  0    Dex: 16    Spells: 16/16 levels left

rFire   . . .      SeeInvis +   c - +6 broad axe of Watchfulness {freeze, rElec Int+5}
rCold   . . .      Faith    .   x - +0 tower shield {rN+}
rNeg    + . .      Spirit   .   z - +5 plate armour
rPois   +          Reflect  +   (helmet restricted)
rElec   +          Harm     .   b - +1 cloak
rCorr   .          Rampage  .   a - +2 pair of gloves
Will    +....                   g - +2 pair of boots {Stlth+}
Stlth   ..........              m - amulet of reflection
HPRegen 0.51/turn               h - ring of poison resistance
MPRegen 0.15/turn               p - ring of see invisible

@: paralysed, mighty, berserking (expiring)
A: horns 2, retaliatory headbutt, agile 1, screaming 1, MP-powered wands
a: Renounce Religion, Berserk, Trog's Hand, Brothers in Arms


You were on level 4 of the Swamp.
You worshipped Trog.
Trog was greatly pleased with you.
You visited 5 branches of the dungeon, and saw 29 of its levels.

You collected 4931 gold pieces.
You spent 1425 gold pieces at shops.


Innate Abilities, Weirdness & Mutations

You have a pair of horns on your head.
You reflexively headbutt those who attack you in melee.
You are agile. (Dex +4, Str/Int -1)
You occasionally shout uncontrollably at your foes.
You expend magic power (3 MP) to strengthen your wands.


   Skills:
 + Level 18.2 Fighting
 - Level 18.0 Axes
 - Level 4.2 Throwing
 - Level 17.0 Armour
 - Level 10.0 Dodging
 - Level 20.0 Shields


You had 16 spell levels left.
You didn't know any spells.
Your spell library was empty.

Inventory:

Hand Weapons
 c - the +6 broad axe of Watchfulness (weapon) {freeze, rElec Int+5}
   (You acquired it on level 6 of the Dungeon)

   It freezes those it strikes, dealing additional cold damage.
   It can also slow down cold-blooded creatures.
   Int:       It affects your intelligence (+5).
   rElec:     It insulates you from electricity.
 A - a +0 hand axe of flaming
Missiles
 i - 13 boomerangs (quivered)
Armour
 a - a +2 pair of gloves (worn)
 b - a +1 cloak (worn)
 g - a +2 pair of boots of stealth (worn)
 x - a +0 tower shield of positive energy (worn)
 z - a +5 plate armour (worn)
Jewellery
 h - a ring of poison resistance (left hand)
 m - an amulet of reflection (around neck)
 o - a +4 ring of protection
 p - a ring of see invisible (right hand)
 u - a ring of protection from fire
 v - a +6 ring of strength
 B - a ring of poison resistance
 C - a ring of protection from fire
Scrolls
 f - a scroll of enchant weapon
 j - 14 scrolls of identify
 k - 12 scrolls of teleportation
 y - a scroll of brand weapon
Potions
 d - 10 potions of resistance
 e - a potion of cancellation
 l - 3 potions of mutation
 q - 12 potions of haste
 r - a potion of heal wounds
 t - 16 potions of curing
 w - 5 potions of might

Dungeon Overview and Level Annotations

Branches:
Dungeon (15/15)            Temple (0/1) D:5            Lair (5/5) D:11
  Swamp (4/4) Lair:2        Snake (3/4) Lair:3        Slime (0/5) Lair:4
    Orc (2/2) D:12            Elf (0/3) Orc:2        Vaults (0/5) D:13
 Depths (0/4) D:15

Altars:
Ru
Sif Muna
Vehumet
The Shining One

Shops:
D:6 =[*=   D:8 *   Orc:1 *   Orc:2 (*!=   Snake:1 [

Portals:
Trove: D:12 (give +3 fire dragon scales)

Annotations:
D:10 3 runed translucent doors, MackTheFife's ghost, journeyman CeHu
Lair:1 3 runed translucent doors, qw's ghost, journeyman GrFi
Swamp:4 Mlioglotl


Message History

The raiju is severely wounded.
You slash the raiju! You freeze the raiju. You hit Mlioglotl but do no damage.
You slash the sun demon! You freeze the sun demon.
Mlioglotl hits you but does no damage. You block Mlioglotl's attack.
The worldbinder calls forth creatures from the Elven Halls!
The raiju closely misses you. You furiously retaliate!
You headbutt the raiju. You slash the raiju! You freeze the raiju.
You kill the raiju!
The raiju's corpse disappears in a puff of smoke!
You slash the deep elf pyromancer! You freeze the deep elf pyromancer.
You slash Mlioglotl! You slash the quasit! You freeze the quasit.
You kill the quasit!
The quasit disappears in a puff of smoke!
You slash the sun demon! You freeze the sun demon!
You slash the apocalypse crab! You slash the raiju! You freeze the raiju.
You kill the raiju!
The raiju's corpse disappears in a puff of smoke!
Mlioglotl churns violently!
Mlioglotl radiates an aura of fear!
You resist with some effort. You block the sun demon's attack.
You block the apocalypse crab's attack. The apocalypse crab claws you!
You suddenly lose the ability to move!
Mlioglotl hits you but does no damage. Mlioglotl tramples you.
You hold your ground!
The sun demon hits you.
You are engulfed in flames!
The deep elf pyromancer hits you but does no damage.
Mlioglotl hits you!!
Mlioglotl tramples you but does no damage.
The apocalypse crab bites you but does no damage.
The apocalypse crab claws you.
You feel very mighty all of a sudden.
The sun demon hits you but does no damage.
The worldbinder hits you but does no damage. x2
The deep elf pyromancer casts a spell.
Mlioglotl hits you but does no damage. Mlioglotl tramples you!!
You hold your ground!
The sun demon hits you but does no damage.
The apocalypse crab bites you but does no damage.
The apocalypse crab claws you but does no damage.
The worldbinder hits you but does no damage. x2
Mlioglotl hits you! Mlioglotl tramples you!!
You die... 7...~~~~..7 7~~..~e..~77 77~~¤....~~~77 7~~~~~~..~~.~77 77~~)~~~....... 7..7~~e~~...~~ 77~~!~.#.~~~.~ 777.xeEE~~... 77.@3¤.~¤.. 777777777777

75Xt~~~...
~~77~¤~~$..7
7%)%~~.~77
~~%)~¤~#~~7
7~%~~~~...
..7.h...~7
7.~.?~~7.~
777#4~~~77
7.~~7..77~7
7.XX~~.7
7.~77777
7yfXwnX~...?
7~.7
~~y3y~~~~.#7
7~~~


You could see Mlioglotl (strong), a sun demon (summoned), an apocalypse crab
(summoned), a deep elf knight (summoned), 2 deep elf pyromancers, a worldbinder
(summoned), 2 fire elementals and an iron imp (summoned).

Vanquished Creatures
  Frances (Swamp:2)
  Donald (Swamp:4)
  A nagaraja (Snake:3)
  3 ghouls (Swamp:1)
  Nessos (D:12)
  An eleionoma (Swamp:2)
  3 bunyips
  An ettin (D:15)
  Josephine (D:14)
  Erolcha (D:11)
  An ice dragon (D:13)
  3 vault guards (D:13)
  2 centaur warriors (D:14)
  7 naga warriors
  7 anacondas
  A spriggan air mage (Swamp:2)
  8 hydras
  8 two-headed ogres
  Erica (D:8)
  An ogre mage (D:14)
  4 boulder beetles
  A merfolk avatar (Lair:5)
  10 alligators
  4 tengu warriors
  16 death yaks
  Amaemon (D:9)
  4 orc high priests (Orc:2)
  12 naga sharpshooters
  Sonja (Lair:1)
  5 shock serpents
  2 goliath frogs (Swamp:2)
  2 sea snakes (Lair:5)
  6 naga ritualists
  10 bog bodies
  3 spriggan druids
  A swamp dragon (Swamp:2)
  A wizard (D:15)
  7 orc knights
  4 manticores
  A deep elf pyromancer (D:15)
  An oklob plant (Lair:5)
  6 ugly things (D:14)
  7 mana vipers
  5 orc sorcerers
  2 cyclopes (D:12)
  A necromancer (D:15)
  5 will-o-the-wisps
  4 salamanders (Snake:2)
  33 black mambas
  8 spectral spriggans (Swamp:1)
  9 elephants
  9 naga magi
  3 guardian serpents
  A gargoyle (D:12)
  An orange demon (D:9)
  4 torpor snails
  8 cane toads
  An efreet (D:13)
  6 rime drakes
  9 komodo dragons
  3 unseen horrors
  4 freezing wraiths
  2 guardian mummies (D:12)
  A tengu conjurer (D:14)
  3 meliai (D:13)
  4 polar bears
  2 tyrant leeches
  7 trolls
  19 blink frogs
  5 hornets
  5 dream sheep (Lair:5)
  2 slime creatures (Lair:4)
  5 spriggans
  4 wraiths
  6 wyverns
  16 yaks
  2 shadows
  8 humans (D:13)
  2 basilisks
  A vampire (D:11)
  Eustachio (D:4)
  2 steam dragons
  2 wargs
  Menkaure (D:4)
  14 vampire mosquitoes
  An acid dragon (D:12)
  35 nagas
  10 swamp worms
  13 water moccasins
  25 orc warriors
  2 sky beasts
  2 black bears
  2 swamp drakes
  10 wolves (Lair:4)
  7 ogres
  A centaur (D:8)
  A phantom (D:5)
  5 kobold brigands
  A necrophage (D:5)
  13 bullfrogs
  A scorpion (D:5)
  9 wights
  2 electric eels
  A hound (D:7)
  2 jellies (Lair:4)
  21 orc priests
  A gnoll bouda (D:8)
  An iguana (D:7)
  29 orc wizards
  8 adders
  10 gnolls
  A river rat (D:3)
  3 white imps
  2 ufetubi
  3 worms
  A dart slug (D:2)
  84 orcs
  3 ball pythons
  4 bats
  9 endoplasms
  6 giant cockroaches
  6 goblins
  4 hobgoblins
  4 jackals (D:4)
  2 quokkas
  3 frilled lizards (D:2)
  32 kobolds
  15 rats
  A starspawn tentacle (Swamp:4)
788 creatures vanquished.

Vanquished Creatures (collateral kills)
  Vashnia (Snake:3)
  A shambling mangrove (Swamp:4)
  2 hydras
  An alligator (Swamp:2)
  2 naga sharpshooters (Snake:3)
  A swamp dragon (Swamp:2)
  2 will-o-the-wisps (Swamp:2)
  A salamander (Snake:3)
  2 black mambas (Snake:3)
  2 hornets (Swamp:4)
  2 wind drakes (Lair:5)
  A naga (Snake:2)
  A swamp worm (Swamp:4)
  A starspawn tentacle (Swamp:4)
20 creatures vanquished.

Vanquished Creatures (others)
  A vault guard (D:13)
  A black mamba (Snake:3)
  5 bloated husks
  30 foxfires
  31 fungi
  67 plants
  2 starspawn tentacles (Swamp:4)
137 creatures vanquished.

Grand Total: 945 creatures vanquished

Notes
Turn   | Place    | Note
-------+----------+-------------------------------------------
     0 | D:1      | qw the Minotaur Berserker began the quest for the Orb.
     0 | D:1      | Reached XP level 1. HP: 19/19 MP: 0/0
     0 | D:1      | 0 ||| qw: Version: 0.1-a-119-g272c26d
     0 | D:1      | 0 ||| qw: Game counter: 11099
     0 | D:1      | 0 ||| qw: Always use a shield: true
     0 | D:1      | 0 ||| qw: Do Orc after D:15 true
     0 | D:1      | 0 ||| qw: Do second Lair branch before Depths: true
     0 | D:1      | 0 ||| qw: Lair rune preference: random
     0 | D:1      | 0 ||| qw: Plans: Normal
     0 | D:1      | 0 ||| PLANNING D:1-11
    19 | D:1      | Found a faded altar of an unknown god.
   253 | D:1      | 253 ||| Stepping ~*~*~tactically~*~*~ (stealth).
   259 | D:1      | Reached XP level 2. HP: 26/26 MP: 1/1
   375 | D:1      | 375 ||| INVOKING Berserk.
   843 | D:1      | Reached XP level 3. HP: 31/31 MP: 2/2
   964 | D:1      | 964 ||| UPGRADING to +0 chain mail.
   974 | D:1      | 974 ||| DROPPING +0 animal skin.
   975 | D:1      | 975 ||| READING scroll labelled ZOUQAT TAYR.
   976 | D:1      | 976 ||| READING scroll labelled TYNTOE XIOD.
  1061 | D:2      | 1061 ||| Stepping ~*~*~tactically~*~*~ (stealth).
  1062 | D:2      | 1062 ||| Stepping ~*~*~tactically~*~*~ (stealth).
  1210 | D:2      | 1210 ||| FLEEEEING.
  1211 | D:2      | 1211 ||| FLEEEEING.
  1212 | D:2      | 1212 ||| FLEEEEING.
  1351 | D:2      | Reached ** piety under Trog
  1500 | D:2      | 1500 ||| Stepping ~*~*~tactically~*~*~ (stealth).
  1519 | D:2      | 1519 ||| Stepping ~*~*~tactically~*~*~ (stealth).
  1862 | D:2      | You fall into a shaft and drop 1 floor!
  1869 | D:3      | 1869 ||| PLANNING SEWER
  1875 | D:3      | 1875 ||| Stepping ~*~*~tactically~*~*~ (stealth).
  1882 | D:3      | 1882 ||| Stepping ~*~*~tactically~*~*~ (stealth).
  1894 | D:3      | Reached skill level 6 in Axes
  1894 | D:3      | Reached XP level 4. HP: 34/39 MP: 3/3
  1928 | D:3      | 1928 ||| Stepping ~*~*~tactically~*~*~ (stealth).
  1930 | D:3      | 1930 ||| INVOKING Berserk.
  2052 | D:3      | 2052 ||| DROPPING +0 club.
  2053 | D:3      | 2053 ||| DROPPING +0 whip.
  2130 | D:3      | 2130 ||| Stepping ~*~*~tactically~*~*~ (stealth).
  2131 | D:3      | 2131 ||| Stepping ~*~*~tactically~*~*~ (stealth).
  2136 | D:3      | 2136 ||| Stepping ~*~*~tactically~*~*~ (hiding).
  2139 | D:3      | 2139 ||| Stepping ~*~*~tactically~*~*~ (hiding).
  2140 | D:3      | 2140 ||| Stepping ~*~*~tactically~*~*~ (hiding).
  2299 | D:3      | Found a glowing drain.
  2306 | D:3      | Reached XP level 5. HP: 45/45 MP: 4/4
  2314 | D:3      | 2314 ||| UPGRADING to ring of resist corrosion.
  2315 | D:3      | 2315 ||| READING scroll labelled QEKOP EGETUTZAID.
  2316 | D:3      | 2316 ||| READING scroll labelled XETTIA NOYR.
  2317 | D:3      | 2317 ||| READING scroll labelled YTHESEK BESTAMN.
  2318 | D:3      | 2318 ||| READING 4 scrolls labelled GADISM JYGUBAC.
  2319 | D:3      | 2319 ||| DROPPING 3 scrolls of fog.
  2320 | D:3      | 2320 ||| Stepping randomly (stuck).
  2321 | D:3      | 2321 ||| Stepping ~*~*~tactically~*~*~ (cloud).
  2623 | D:3      | 2623 ||| UPGRADING to +0 pair of gloves.
  2628 | D:3      | 2628 ||| READING 3 scrolls of identify.
  2628 | D:3      | 2628 ||| IDENTIFYING golden potion
  2629 | D:3      | 2629 ||| READING 2 scrolls of identify.
  2629 | D:3      | 2629 ||| IDENTIFYING fizzy red potion
  2630 | D:3      | 2630 ||| DROPPING potion of berserk rage.
  2631 | D:3      | 2631 ||| DROPPING potion of lignification.
  2688 | D:3      | 2688 ||| RIP SEWER
  2688 | D:3      | 2688 ||| PLANNING D:1-11
  2719 | D:3      | 2719 ||| UPGRADING to ring of willpower.
  2720 | D:3      | 2720 ||| READING scroll labelled DUSESCH UQIPH.
  2721 | D:3      | 2721 ||| READING 2 scrolls of identify.
  2721 | D:3      | 2721 ||| IDENTIFYING ruby potion
  3227 | D:2      | 3227 ||| UPGRADING to ring of see invisible.
  3284 | D:4      | 3284 ||| Stepping ~*~*~tactically~*~*~ (stealth).
  3286 | D:4      | 3286 ||| Stepping ~*~*~tactically~*~*~ (stealth).
  3344 | D:4      | Noticed Eustachio
  3345 | D:4      | 3345 ||| INVOKING Berserk.
  3351 | D:4      | Killed Eustachio
  3352 | D:4      | Reached XP level 6. HP: 52/52 MP: 5/5
  3489 | D:4      | 3489 ||| Stepping ~*~*~tactically~*~*~ (stealth).
  3519 | D:4      | Noticed Menkaure
  3520 | D:4      | 3520 ||| INVOKING Berserk.
  3522 | D:4      | Killed Menkaure
  3523 | D:4      | Reached skill level 9 in Axes
  3751 | D:4      | Reached *** piety under Trog
  4366 | D:4      | Found a sacrificial altar of Ru.
  4366 | D:4      | Found a glowing golden altar of the Shining One.
  4424 | D:4      | 4424 ||| UPGRADING to amulet of reflection.
  4429 | D:4      | 4429 ||| UPGRADING to +6 ring of dexterity.
  4431 | D:4      | 4431 ||| DRINKING 2 lumpy white potions.
  4431 | D:4      | Gained mutation: You are agile. (Dex +4, Str/Int -1)
                  | [potion of mutation]
  4431 | D:4      | Gained mutation: You expend magic power (3 MP) to
                  | strengthen your wands. [potion of mutation]
  4432 | D:4      | 4432 ||| READING 3 scrolls of identify.
  4432 | D:4      | 4432 ||| IDENTIFYING glowing green potion
  4433 | D:4      | 4433 ||| READING 2 scrolls of identify.
  4433 | D:4      | 4433 ||| IDENTIFYING lumpy coppery potion
  4434 | D:4      | 4434 ||| DROPPING potion of degeneration.
  4435 | D:4      | 4435 ||| DROPPING potion of ambrosia.
  4464 | D:5      | Entered Level 5 of the Dungeon
  4488 | D:5      | Reached skill level 3 in Armour
  4609 | D:5      | Reached XP level 7. HP: 59/59 MP: 6/6
  4623 | D:5      | 4623 ||| Stepping ~*~*~tactically~*~*~ (stealth).
  4624 | D:5      | 4624 ||| Stepping ~*~*~tactically~*~*~ (stealth).
  4626 | D:5      | 4626 ||| INVOKING Berserk.
  5018 | D:5      | Found a staircase to the Ecumenical Temple.
  5288 | D:5      | 5288 ||| UPGRADING to +0 tower shield.
  5293 | D:5      | 5293 ||| UPGRADING to ring of protection from fire.
  5295 | D:5      | 5295 ||| READING scroll labelled ASESIES PAELU.
  5296 | D:5      | 5296 ||| DRINKING 2 grey potions.
  5297 | D:5      | 5297 ||| DRINKING 2 fuming red potions.
  5322 | D:6      | Found Viqof's Armour Shoppe.
  5325 | D:6      | 5325 ||| SHOPLISTING +1 plate armour of willpower (455
                  | gold, have 351).
  5346 | D:6      | 5346 ||| READING scroll of enchant armour.
  5346 | D:6      | 5346 ||| ENCHANTING +0 pair of gloves.
  5370 | D:6      | 5370 ||| Stepping ~*~*~tactically~*~*~ (stealth).
  5371 | D:6      | Found Hacis's Jewellery Boutique.
  5372 | D:6      | 5372 ||| Stepping ~*~*~tactically~*~*~ (hiding).
  5374 | D:6      | 5374 ||| INVOKING Berserk.
  5381 | D:6      | Reached skill level 1 in Shields
  5383 | D:6      | Reached skill level 2 in Shields
  5498 | D:6      | 5498 ||| SHOPLISTING +4 ring of evasion (468 gold, have
                  | 351).
  5498 | D:6      | 5498 ||| BUYING ring of poison resistance (260 gold).
  5498 | D:6      | Bought a ring of poison resistance for 260 gold pieces
  5498 | D:6      | 5498 ||| SHOPLISTING ring of poison resistance (260 gold,
                  | have 91).
  5498 | D:6      | 5498 ||| SHOPLISTING ring of protection from cold (325
                  | gold, have 91).
  5498 | D:6      | 5498 ||| SHOPLISTING ring of see invisible (195 gold, have
                  | 91).
  5522 | D:6      | Reached skill level 3 in Shields
  5599 | D:6      | Reached skill level 4 in Shields
  5599 | D:6      | Reached XP level 8. HP: 69/69 MP: 7/7
  5625 | D:6      | Found Efuech's Assorted Antiques.
  5634 | D:6      | 5634 ||| Stepping ~*~*~tactically~*~*~ (stealth).
  5644 | D:6      | Reached skill level 5 in Shields
  5735 | D:6      | 5735 ||| SHOPLISTING 2 potions of mutation (448 gold, have
                  | 103).
  5735 | D:6      | 5735 ||| SHOPLISTING brightly glowing garnet amulet (140
                  | gold, have 103).
  5735 | D:6      | 5735 ||| SHOPLISTING potion of heal wounds (140 gold, have
                  | 103).
  5735 | D:6      | 5735 ||| BUYING scroll labelled GACOKUWA CODEI (28 gold).
  5735 | D:6      | Bought a scroll labelled GACOKUWA CODEI for 28 gold pieces
  5735 | D:6      | 5735 ||| SHOPLISTING war axe (98 gold, have 75).
  5757 | D:6      | Reached skill level 6 in Shields
  5829 | D:6      | 5829 ||| INVOKING Berserk.
  5944 | D:6      | Found Tipnead's Jewellery Emporium.
  5951 | D:6      | 5951 ||| SHOPLISTING +6 ring of dexterity (432 gold, have
                  | 88).
  5951 | D:6      | 5951 ||| SHOPLISTING ring of fire (300 gold, have 88).
  5951 | D:6      | 5951 ||| SHOPLISTING ring of ice (300 gold, have 88).
  6402 | D:6      | 6402 ||| UPGRADING to ring of poison resistance.
  6404 | D:6      | 6404 ||| UPGRADING to ring of see invisible.
  6406 | D:6      | 6406 ||| READING scroll labelled ZAMOELY ZERAV.
  6407 | D:6      | 6407 ||| READING 2 scrolls labelled GACOKUWA CODEI.
  6408 | D:6      | 6408 ||| READING scroll labelled VEVVISE QAIPTE.
  6408 | D:6      | Identified a scroll of acquirement
  6408 | D:6      | 6408 ||| ACQUIRING +6 broad axe of Watchfulness {freeze,
                  | rElec Int+5}
  6408 | D:6      | Acquired the +6 broad axe of Watchfulness {freeze, rElec
                  | Int+5}
  6410 | D:6      | 6410 ||| SWAPPING to +6 broad axe of Watchfulness {freeze,
                  | rElec Int+5}.
  6411 | D:6      | 6411 ||| DROPPING +0 vorpal hand axe.
  6412 | D:6      | 6412 ||| DRINKING 3 glowing cyan potions.
  6413 | D:6      | 6413 ||| READING 2 scrolls of identify.
  6413 | D:6      | 6413 ||| IDENTIFYING white potion
  6414 | D:6      | 6414 ||| DROPPING 2 potions of attraction.
  6415 | D:6      | 6415 ||| DROPPING scroll of vulnerability.
  6446 | D:7      | Reached skill level 7 in Shields
  6456 | D:7      | 6456 ||| READING scroll of acquirement.
  6456 | D:7      | 6456 ||| ACQUIRING 1212 gold pieces
  6456 | D:7      | Acquired 1212 gold pieces
  6826 | D:7      | 6826 ||| Stepping ~*~*~tactically~*~*~ (stealth).
  6831 | D:7      | 6831 ||| Stepping ~*~*~tactically~*~*~ (stealth).
  6839 | D:7      | 6839 ||| Stepping ~*~*~tactically~*~*~ (stealth).
  6844 | D:7      | Reached skill level 8 in Shields
  6967 | D:7      | 6967 ||| Stepping ~*~*~tactically~*~*~ (stealth).
  6998 | D:7      | 6998 ||| Stepping ~*~*~tactically~*~*~ (hiding).
  7004 | D:7      | 7004 ||| INVOKING Berserk.
  7011 | D:7      | Reached skill level 9 in Shields
  7083 | D:7      | 7083 ||| Stepping ~*~*~tactically~*~*~ (stealth).
  7239 | D:7      | Found a shimmering blue altar of Sif Muna.
  7336 | D:7      | Reached XP level 9. HP: 74/74 MP: 8/8
  7393 | D:7      | 7393 ||| UPGRADING to +0 plate armour.
  7403 | D:7      | 7403 ||| DROPPING +0 chain mail.
  7404 | D:7      | 7404 ||| READING scroll labelled VOUBEM PO FADO.
  7405 | D:7      | 7405 ||| READING scroll labelled AZEYMA HIVI.
  7537 | D:8      | 7537 ||| Stepping ~*~*~tactically~*~*~ (stealth).
  7539 | D:8      | 7539 ||| Stepping ~*~*~tactically~*~*~ (hiding).
  7541 | D:8      | Reached skill level 10 in Shields
  7686 | D:8      | Noticed a two-headed ogre
  7690 | D:8      | 7690 ||| INVOKING Berserk.
  7697 | D:8      | Killed a two-headed ogre
  7698 | D:8      | Reached skill level 6 in Armour
  7843 | D:8      | 7843 ||| Stepping ~*~*~tactically~*~*~ (stealth).
  7848 | D:8      | 7848 ||| Stepping ~*~*~tactically~*~*~ (stealth).
  7928 | D:8      | 7928 ||| Stepping ~*~*~tactically~*~*~ (hiding).
  7936 | D:8      | Reached **** piety under Trog
  7937 | D:8      | 7937 ||| Stepping ~*~*~tactically~*~*~ (stealth).
  7939 | D:8      | 7939 ||| INVOKING Berserk.
  8091 | D:8      | Reached skill level 1 in Throwing
  8096 | D:8      | Found Vaetat's Serpentskin Sales.
  8115 | D:8      | 8115 ||| Stepping ~*~*~tactically~*~*~ (stealth).
  8117 | D:8      | 8117 ||| Stepping ~*~*~tactically~*~*~ (stealth).
  8119 | D:8      | 8119 ||| Stepping ~*~*~tactically~*~*~ (hiding).
  8134 | D:8      | 8134 ||| Stepping ~*~*~tactically~*~*~ (hiding).
  8523 | D:8      | Noticed Erica
  8525 | D:8      | 8525 ||| INVOKING Berserk.
  8529 | D:8      | Killed Erica
  8530 | D:8      | Reached skill level 11 in Shields
  8697 | D:8      | 8697 ||| UPGRADING to +2 pair of boots of stealth.
  8711 | D:9      | Noticed Amaemon
  8712 | D:9      | 8712 ||| STAIRDANCE
  8712 | D:9      | Noticed an orange demon
  8722 | D:9      | 8722 ||| STAIRDANCE
  8725 | D:8      | Reached XP level 10. HP: 74/82 MP: 9/9
  8727 | D:8      | Reached skill level 6 in Fighting
  8765 | D:8      | 8765 ||| DROPPING +0 flail.
  8770 | D:9      | 8770 ||| INVOKING Berserk.
  8779 | D:9      | Killed Amaemon
  8782 | D:9      | Killed an orange demon
  8783 | D:9      | Reached skill level 12 in Shields
  8903 | D:9      | 8903 ||| DROPPING +1 flail.
  8958 | D:9      | 8958 ||| Stepping ~*~*~tactically~*~*~ (hiding).
  8959 | D:9      | 8959 ||| Stepping ~*~*~tactically~*~*~ (hiding).
  9121 | D:9      | 9121 ||| INVOKING Berserk.
  9289 | D:9      | 9289 ||| Stepping ~*~*~tactically~*~*~ (stealth).
  9292 | D:9      | 9292 ||| Stepping ~*~*~tactically~*~*~ (stealth).
  9455 | D:9      | Noticed a two-headed ogre
  9457 | D:9      | 9457 ||| INVOKING Berserk.
  9461 | D:9      | Killed a two-headed ogre
  9462 | D:9      | Reached skill level 12 in Axes
  9806 | D:9      | 9806 ||| READING scroll labelled EKYUMA FUSIST.
  9907 | D:9      | 9907 ||| READING 6 scrolls of identify.
  9907 | D:9      | 9907 ||| IDENTIFYING clear potion
  9932 | D:10     | Entered Level 10 of the Dungeon
  9990 | D:10     | Found a runed translucent gate.
  9990 | D:10     | Found a runed translucent gate.
  9990 | D:10     | Found a runed translucent gate.
  9991 | D:10     | Noticed MackTheFife's ghost (journeyman CeHu)
 10108 | D:10     | 10108 ||| INVOKING Berserk.
 10366 | D:10     | 10366 ||| Stepping ~*~*~tactically~*~*~ (stealth).
 10375 | D:10     | Reached skill level 3 in Dodging
 10495 | D:10     | 10495 ||| READING scroll of enchant armour.
 10495 | D:10     | 10495 ||| ENCHANTING +1 pair of gloves.
 10795 | D:10     | 10795 ||| UPGRADING to +4 plate armour.
 10805 | D:10     | 10805 ||| DROPPING +0 plate armour.
 10806 | D:10     | 10806 ||| DROPPING ring of magical power.
 10807 | D:10     | 10807 ||| READING scroll labelled XIRIFU CISM.
 10808 | D:10     | 10808 ||| DRINKING 2 metallic clear potions.
 10809 | D:10     | 10809 ||| DROPPING potion of brilliance.
 10894 | D:11     | 10894 ||| READING scroll of enchant armour.
 10894 | D:11     | 10894 ||| ENCHANTING +4 plate armour.
 10909 | D:11     | 10909 ||| FLEEEEING.
 10910 | D:11     | 10910 ||| Stepping ~*~*~tactically~*~*~ (hiding).
 10913 | D:11     | 10913 ||| Stepping ~*~*~tactically~*~*~ (hiding).
 10918 | D:11     | 10918 ||| FLEEEEING.
 10919 | D:11     | 10919 ||| FLEEEEING.
 10923 | D:11     | 10923 ||| FLEEEEING.
 10924 | D:11     | 10924 ||| FLEEEEING.
 10931 | D:11     | 10931 ||| FLEEEEING.
 10932 | D:11     | 10932 ||| FLEEEEING.
 10933 | D:11     | 10933 ||| FLEEEEING.
 10940 | D:11     | 10940 ||| FLEEEEING.
 10941 | D:11     | 10941 ||| FLEEEEING.
 10944 | D:11     | 10944 ||| FLEEEEING.
 10945 | D:11     | 10945 ||| FLEEEEING.
 10946 | D:11     | 10946 ||| STAIRDANCE
 11110 | D:11     | 11110 ||| INVOKING Berserk.
 11114 | D:11     | 11114 ||| STAIRDANCE
 11376 | D:11     | 11376 ||| INVOKING Berserk.
 11497 | D:11     | 11497 ||| Stepping ~*~*~tactically~*~*~ (stealth).
 11544 | D:11     | Found a staircase to the Lair.
 11556 | D:11     | 11556 ||| DRINKING 3 potions of curing.
 11556 | D:11     | 11556 ||| (to cure confusion)
 11714 | D:11     | Reached XP level 11. HP: 92/92 MP: 10/10
 11720 | D:11     | Noticed Erolcha
 11721 | D:11     | 11721 ||| INVOKING Trog's Hand.
 11725 | D:11     | 11725 ||| INVOKING Berserk.
 11729 | D:11     | Killed Erolcha
 11730 | D:11     | Reached skill level 13 in Shields
 11915 | D:11     | Noticed a six-headed hydra
 11916 | D:11     | 11916 ||| INVOKING Brothers in Arms.
 11917 | D:11     | 11917 ||| SWAPPING to -2 demon whip of venom.
 11918 | D:11     | 11918 ||| INVOKING Berserk.
 11923 | D:11     | Killed a six-headed hydra
 11931 | D:11     | 11931 ||| SWAPPING to +6 broad axe of Watchfulness {freeze,
                  | rElec Int+5}.
 12202 | D:11     | 12202 ||| PLANNING LAIR
 12255 | Lair:1   | Entered Level 1 of the Lair of Beasts
 12280 | Lair:1   | Noticed qw's ghost (journeyman GrFi)
 12529 | Lair:1   | Found a runed translucent gate.
 12529 | Lair:1   | Found a runed translucent gate.
 12529 | Lair:1   | Found a runed translucent gate.
 12539 | Lair:1   | Noticed a minotaur
 12908 | Lair:1   | Noticed Sonja
 12916 | Lair:1   | Killed Sonja
 13058 | Lair:1   | 13058 ||| DROPPING +1 pair of boots.
 13059 | Lair:1   | 13059 ||| DROPPING amulet of regeneration.
 13060 | Lair:1   | 13060 ||| DROPPING ring of resist corrosion.
 13061 | Lair:1   | 13061 ||| DROPPING ring of willpower.
 13062 | Lair:1   | 13062 ||| READING 5 scrolls of identify.
 13062 | Lair:1   | 13062 ||| IDENTIFYING puce potion
 13063 | Lair:1   | 13063 ||| DROPPING potion of invisibility.
 13303 | Lair:2   | 13303 ||| Stepping ~*~*~tactically~*~*~ (hiding).
 13460 | Lair:2   | Noticed an eight-headed hydra
 13461 | Lair:2   | 13461 ||| Stepping ~*~*~tactically~*~*~ (stealth).
 13464 | Lair:2   | 13464 ||| SWAPPING to -2 demon whip of venom.
 13465 | Lair:2   | 13465 ||| INVOKING Berserk.
 13474 | Lair:2   | Killed an eight-headed hydra
 13503 | Lair:2   | 13503 ||| SWAPPING to +6 broad axe of Watchfulness {freeze,
                  | rElec Int+5}.
 13772 | Lair:2   | 13772 ||| INVOKING Berserk.
 14059 | Lair:2   | Found a staircase to the Swamp.
 14063 | Lair:2   | 14063 ||| INVOKING Berserk.
 14241 | Lair:2   | 14241 ||| READING 4 scrolls of identify.
 14241 | Lair:2   | 14241 ||| IDENTIFYING red potion
 14242 | Lair:2   | 14242 ||| DROPPING potion of flight.
 14304 | Lair:3   | 14304 ||| PLANNING GAUNTLET
 14306 | Lair:3   | 14306 ||| INVOKING Berserk.
 14326 | Lair:3   | 14326 ||| FLEEEEING.
 14329 | Lair:3   | 14329 ||| STAIRDANCE
 14366 | Lair:3   | 14366 ||| INVOKING Berserk.
 14373 | Lair:3   | Reached skill level 15 in Axes
 14507 | Lair:3   | Found a staircase to the Snake Pit.
 14597 | Lair:3   | 14597 ||| INVOKING Berserk.
 14602 | Lair:3   | Reached skill level 9 in Fighting
 14734 | Lair:3   | 14734 ||| INVOKING Berserk.
 14749 | Lair:3   | 14749 ||| RIP GAUNTLET
 14841 | Lair:3   | 14841 ||| PLANNING LAIR
 14894 | Lair:3   | 14894 ||| Stepping ~*~*~tactically~*~*~ (stealth).
 14896 | Lair:3   | 14896 ||| INVOKING Berserk.
 14900 | Lair:3   | Reached skill level 14 in Shields
 14901 | Lair:3   | Reached XP level 12. HP: 104/104 MP: 11/11
 15016 | Lair:3   | Noticed an eight-headed hydra
 15017 | Lair:3   | 15017 ||| SWAPPING to -2 demon whip of venom.
 15018 | Lair:3   | 15018 ||| INVOKING Berserk.
 15023 | Lair:3   | Killed an eight-headed hydra
 15042 | Lair:3   | 15042 ||| SWAPPING to +6 broad axe of Watchfulness {freeze,
                  | rElec Int+5}.
 15152 | Lair:3   | 15152 ||| INVOKING Berserk.
 15311 | Lair:3   | Noticed a four-headed hydra
 15312 | Lair:3   | 15312 ||| SWAPPING to -2 demon whip of venom.
 15313 | Lair:3   | 15313 ||| INVOKING Berserk.
 15321 | Lair:3   | Killed a four-headed hydra
 15335 | Lair:3   | 15335 ||| SWAPPING to +6 broad axe of Watchfulness {freeze,
                  | rElec Int+5}.
 15444 | Lair:3   | 15444 ||| INVOKING Berserk.
 15551 | Lair:3   | Identified the +9 mace "Ycvunaeg" {drain, *Slow rN+ rCorr}
 15620 | Lair:3   | Noticed a death yak
 15621 | Lair:3   | 15621 ||| UPGRADING to +0 cloak.
 15622 | Lair:3   | Noticed a death yak
 15624 | Lair:3   | Noticed a death yak
 15626 | Lair:3   | 15626 ||| READING 7 scrolls of teleportation.
 15626 | Lair:3   | Noticed a death yak
 15627 | Lair:3   | 15627 ||| FLEEEEING.
 15628 | Lair:3   | 15628 ||| FLEEEEING.
 15629 | Lair:3   | 15629 ||| FLEEEEING.
 15630 | Lair:3   | 15630 ||| FLEEEEING.
 15644 | Lair:3   | 15644 ||| INVOKING Berserk.
 15647 | Lair:3   | Killed a death yak
 15651 | Lair:3   | Killed a death yak
 15652 | Lair:3   | Reached skill level 9 in Armour
 15655 | Lair:3   | Killed a death yak
 15658 | Lair:3   | Killed a death yak
 15827 | Lair:3   | You fall into a shaft and drop 1 floor!
 15827 | Lair:4   | Noticed a death yak
 15828 | Lair:4   | Noticed a death yak
 15830 | Lair:4   | 15830 ||| INVOKING Berserk.
 15833 | Lair:4   | Noticed a death yak
 15833 | Lair:4   | Noticed a death yak
 15835 | Lair:4   | Killed a death yak
 15838 | Lair:4   | Killed a death yak
 15846 | Lair:4   | Killed a death yak
 15849 | Lair:4   | Killed a death yak
 15970 | Lair:4   | 15970 ||| Stepping ~*~*~tactically~*~*~ (stealth).
 16037 | Lair:4   | 16037 ||| INVOKING Berserk.
 16203 | Lair:4   | Noticed a death yak
 16206 | Lair:4   | Noticed a death yak
 16207 | Lair:4   | 16207 ||| INVOKING Berserk.
 16209 | Lair:4   | Killed a death yak
 16216 | Lair:4   | Killed a death yak
 16217 | Lair:4   | Reached XP level 13. HP: 113/113 MP: 12/12
 16364 | Lair:3   | 16364 ||| Stepping ~*~*~tactically~*~*~ (stealth).
 16375 | Lair:3   | 16375 ||| Stepping ~*~*~tactically~*~*~ (stealth).
 16376 | Lair:3   | 16376 ||| Stepping ~*~*~tactically~*~*~ (stealth).
 16377 | Lair:3   | 16377 ||| Stepping ~*~*~tactically~*~*~ (stealth).
 16379 | Lair:3   | 16379 ||| Stepping ~*~*~tactically~*~*~ (stealth).
 16381 | Lair:3   | 16381 ||| Stepping ~*~*~tactically~*~*~ (stealth).
 16382 | Lair:3   | 16382 ||| Stepping ~*~*~tactically~*~*~ (stealth).
 16383 | Lair:3   | 16383 ||| Stepping ~*~*~tactically~*~*~ (stealth).
 16384 | Lair:3   | 16384 ||| INVOKING Berserk.
 16395 | Lair:3   | Reached skill level 15 in Shields
 16396 | Lair:3   | 16396 ||| FLEEEEING.
 16515 | Lair:3   | 16515 ||| INVOKING Brothers in Arms.
 16517 | Lair:3   | 16517 ||| SWAPPING to -2 demon whip of venom.
 16518 | Lair:3   | 16518 ||| INVOKING Berserk.
 16556 | Lair:3   | 16556 ||| SWAPPING to +6 broad axe of Watchfulness {freeze,
                  | rElec Int+5}.
 17076 | Lair:4   | 17076 ||| INVOKING Berserk.
 17095 | Lair:4   | Reached skill level 18 in Axes
 17388 | Lair:4   | 17388 ||| Stepping ~*~*~tactically~*~*~ (stealth).
 17391 | Lair:4   | 17391 ||| INVOKING Berserk.
 17596 | Lair:4   | Found a staircase to the Slime Pits.
 17611 | Lair:4   | 17611 ||| Stepping ~*~*~tactically~*~*~ (stealth).
 17617 | Lair:4   | 17617 ||| Stepping ~*~*~tactically~*~*~ (stealth).
 17948 | Lair:4   | 17948 ||| READING scroll labelled MUDDED VECSIOD.
 17972 | Lair:5   | Entered Level 5 of the Lair of Beasts
 17976 | Lair:5   | 17976 ||| Stepping ~*~*~tactically~*~*~ (stealth).
 17978 | Lair:5   | 17978 ||| Stepping ~*~*~tactically~*~*~ (stealth).
 17979 | Lair:5   | 17979 ||| INVOKING Berserk.
 18008 | Lair:5   | 18008 ||| FLEEEEING.
 18009 | Lair:5   | 18009 ||| FLEEEEING.
 18012 | Lair:5   | 18012 ||| STAIRDANCE
 18213 | Lair:5   | 18213 ||| INVOKING Berserk.
 18219 | Lair:5   | 18219 ||| STAIRDANCE
 18365 | Lair:5   | 18365 ||| INVOKING Berserk.
 18499 | Lair:5   | 18499 ||| Stepping ~*~*~tactically~*~*~ (hiding).
 18502 | Lair:5   | 18502 ||| Stepping ~*~*~tactically~*~*~ (hiding).
 18503 | Lair:5   | 18503 ||| Stepping ~*~*~tactically~*~*~ (hiding).
 18536 | Lair:5   | 18536 ||| INVOKING Berserk.
 18545 | Lair:5   | 18545 ||| FLEEEEING.
 18554 | Lair:5   | 18554 ||| Stepping ~*~*~tactically~*~*~ (water).
 18567 | Lair:5   | 18567 ||| FLEEEEING.
 18579 | Lair:5   | Reached skill level 16 in Shields
 18580 | Lair:5   | 18580 ||| INVOKING Berserk.
 18731 | Lair:5   | 18731 ||| Stepping ~*~*~tactically~*~*~ (stealth).
 18764 | Lair:5   | 18764 ||| Stepping ~*~*~tactically~*~*~ (stealth).
 18814 | Lair:5   | 18814 ||| INVOKING Brothers in Arms.
 18815 | Lair:5   | 18815 ||| INVOKING Brothers in Arms.
 18816 | Lair:5   | 18816 ||| INVOKING Brothers in Arms.
 18817 | Lair:5   | 18817 ||| INVOKING Brothers in Arms.
 18818 | Lair:5   | 18818 ||| INVOKING Brothers in Arms.
 18819 | Lair:5   | 18819 ||| INVOKING Brothers in Arms.
 18820 | Lair:5   | 18820 ||| SWAPPING to -2 demon whip of venom.
 18821 | Lair:5   | 18821 ||| INVOKING Berserk.
 18837 | Lair:5   | 18837 ||| SWAPPING to +6 broad axe of Watchfulness {freeze,
                  | rElec Int+5}.
 18862 | Lair:5   | 18862 ||| INVOKING Berserk.
 18874 | Lair:5   | 18874 ||| FLEEEEING.
 18875 | Lair:5   | 18875 ||| FLEEEEING.
 18876 | Lair:5   | 18876 ||| FLEEEEING.
 18882 | Lair:5   | 18882 ||| FLEEEEING.
 18883 | Lair:5   | 18883 ||| STAIRDANCE
 19080 | Lair:4   | 19080 ||| DRINKING 2 emerald potions.
 19083 | Lair:5   | 19083 ||| INVOKING Berserk.
 19091 | Lair:5   | 19091 ||| STAIRDANCE
 19215 | Lair:5   | 19215 ||| Stepping ~*~*~tactically~*~*~ (stealth).
 19242 | Lair:5   | 19242 ||| INVOKING Trog's Hand.
 19246 | Lair:5   | 19246 ||| SWAPPING to -2 demon whip of venom.
 19247 | Lair:5   | 19247 ||| INVOKING Berserk.
 19265 | Lair:5   | Reached skill level 12 in Fighting
 19270 | Lair:5   | 19270 ||| SWAPPING to +6 broad axe of Watchfulness {freeze,
                  | rElec Int+5}.
 19301 | Lair:5   | Reached XP level 14. HP: 126/126 MP: 13/13
 19414 | Lair:5   | Identified the +9 great mace "Aprapit" {flame, Dex+2}
 19435 | Lair:5   | Found the +1 robe of Vines {NoPotionHeal Regen++++}
 19438 | Lair:5   | 19438 ||| INVOKING Berserk.
 19462 | Lair:5   | 19462 ||| DRINKING potion of cancellation.
 19467 | Lair:5   | 19467 ||| SWAPPING to -2 demon whip of venom.
 19475 | Lair:5   | Reached skill level 6 in Dodging
 19483 | Lair:5   | 19483 ||| SWAPPING to +6 broad axe of Watchfulness {freeze,
                  | rElec Int+5}.
 19515 | Lair:5   | 19515 ||| Stepping ~*~*~tactically~*~*~ (stealth).
 19613 | Lair:5   | 19613 ||| Stepping ~*~*~tactically~*~*~ (stealth).
 19801 | Lair:5   | 19801 ||| Stepping ~*~*~tactically~*~*~ (stealth).
 19885 | Lair:5   | 19885 ||| Stepping ~*~*~tactically~*~*~ (stealth).
 19888 | Lair:5   | 19888 ||| Stepping ~*~*~tactically~*~*~ (stealth).
 19891 | Lair:5   | 19891 ||| Stepping ~*~*~tactically~*~*~ (hiding).
 19893 | Lair:5   | 19893 ||| Stepping ~*~*~tactically~*~*~ (hiding).
 19929 | Lair:5   | 19929 ||| Stepping ~*~*~tactically~*~*~ (stealth).
 20086 | Lair:5   | 20086 ||| Stepping ~*~*~tactically~*~*~ (hiding).
 20187 | Lair:5   | 20187 ||| PLANNING D
 20345 | D:12     | 20345 ||| Stepping ~*~*~tactically~*~*~ (hiding).
 20356 | D:12     | 20356 ||| Stepping ~*~*~tactically~*~*~ (hiding).
 20430 | D:12     | 20430 ||| Stepping ~*~*~tactically~*~*~ (stealth).
 20431 | D:12     | Found a staircase to the Orcish Mines.
 20432 | D:12     | 20432 ||| Stepping ~*~*~tactically~*~*~ (stealth).
 20469 | D:12     | 20469 ||| Stepping ~*~*~tactically~*~*~ (stealth).
 20476 | D:12     | Reached skill level 17 in Shields
 20867 | D:12     | Found a portal to a secret trove of treasure.
 21045 | D:12     | Noticed Nessos
 21047 | D:12     | 21047 ||| Stepping ~*~*~tactically~*~*~ (hiding).
 21048 | D:12     | 21048 ||| Stepping ~*~*~tactically~*~*~ (hiding).
 21049 | D:12     | 21049 ||| Stepping ~*~*~tactically~*~*~ (hiding).
 21056 | D:12     | 21056 ||| Stepping ~*~*~tactically~*~*~ (hiding).
 21058 | D:12     | Killed Nessos
 21375 | D:12     | 21375 ||| DROPPING amulet of magic regeneration.
 21376 | D:12     | 21376 ||| DROPPING +6 ring of intelligence.
 21377 | D:12     | 21377 ||| READING 7 scrolls of identify.
 21377 | D:12     | 21377 ||| IDENTIFYING metallic purple potion
 21378 | D:12     | 21378 ||| DROPPING potion of magic.
 21461 | D:13     | 21461 ||| INVOKING Berserk.
 21596 | D:13     | Reached skill level 12 in Armour
 21604 | D:13     | 21604 ||| Stepping ~*~*~tactically~*~*~ (hiding).
 21605 | D:13     | 21605 ||| Stepping ~*~*~tactically~*~*~ (hiding).
 21606 | D:13     | 21606 ||| Stepping ~*~*~tactically~*~*~ (hiding).
 21799 | D:13     | 21799 ||| Stepping ~*~*~tactically~*~*~ (stealth).
 21800 | D:13     | 21800 ||| Stepping ~*~*~tactically~*~*~ (hiding).
 21803 | D:13     | 21803 ||| INVOKING Berserk.
 22041 | D:13     | 22041 ||| Stepping ~*~*~tactically~*~*~ (hiding).
 22121 | D:13     | 22121 ||| FLEEEEING.
 22122 | D:13     | 22122 ||| FLEEEEING.
 22124 | D:13     | 22124 ||| FLEEEEING.
 22125 | D:13     | 22125 ||| FLEEEEING.
 22126 | D:13     | 22126 ||| FLEEEEING.
 22127 | D:13     | 22127 ||| FLEEEEING.
 22128 | D:13     | 22128 ||| FLEEEEING.
 22129 | D:13     | 22129 ||| FLEEEEING.
 22131 | D:13     | 22131 ||| FLEEEEING.
 22132 | D:13     | 22132 ||| FLEEEEING.
 22133 | D:13     | 22133 ||| STAIRDANCE
 22218 | D:13     | 22218 ||| STAIRDANCE
 22321 | D:13     | Identified the +1 kite shield of Ytadgh {Rampage}
 22323 | D:13     | Found a gate to the Vaults.
 22332 | D:13     | Identified the +1 arbalest of the Wilderness {vorpal, rC++
                  | rCorr Str-2}
 22372 | D:13     | 22372 ||| INVOKING Berserk.
 22592 | D:14     | 22592 ||| STAIRDANCE
 22598 | D:14     | 22598 ||| INVOKING Trog's Hand.
 22599 | D:14     | 22599 ||| INVOKING Berserk.
 22609 | D:14     | Reached skill level 3 in Throwing
 22857 | D:14     | 22857 ||| Stepping ~*~*~tactically~*~*~ (hiding).
 22858 | D:14     | 22858 ||| Stepping ~*~*~tactically~*~*~ (hiding).
 23029 | D:14     | Noticed Josephine
 23030 | D:14     | 23030 ||| Stepping ~*~*~tactically~*~*~ (hiding).
 23042 | D:14     | Killed Josephine
 23165 | D:14     | 23165 ||| Stepping ~*~*~tactically~*~*~ (stealth).
 23215 | D:14     | Found a radiant altar of Vehumet.
 23216 | D:14     | 23216 ||| Stepping ~*~*~tactically~*~*~ (stealth).
 23221 | D:14     | 23221 ||| INVOKING Berserk.
 23233 | D:14     | 23233 ||| Stepping ~*~*~tactically~*~*~ (stealth).
 23251 | D:14     | 23251 ||| Stepping ~*~*~tactically~*~*~ (stealth).
 23580 | D:14     | 23580 ||| INVOKING Brothers in Arms.
 23581 | D:14     | 23581 ||| SWAPPING to -2 demon whip of venom.
 23582 | D:14     | 23582 ||| INVOKING Berserk.
 23613 | D:14     | 23613 ||| SWAPPING to +6 broad axe of Watchfulness {freeze,
                  | rElec Int+5}.
 23727 | D:15     | Entered Level 15 of the Dungeon
 23917 | D:15     | 23917 ||| INVOKING Trog's Hand.
 23918 | D:15     | 23918 ||| INVOKING Berserk.
 23922 | D:15     | Reached XP level 15. HP: 61/136 MP: 14/14
 23923 | D:15     | HP: 47/198 [orc sorcerer/bolt of negative energy (14)]
 23939 | D:15     | 23939 ||| Stepping ~*~*~tactically~*~*~ (stealth).
 24018 | D:15     | 24018 ||| FLEEEEING.
 24021 | D:15     | 24021 ||| FLEEEEING.
 24022 | D:15     | 24022 ||| FLEEEEING.
 24023 | D:15     | 24023 ||| FLEEEEING.
 24024 | D:15     | 24024 ||| FLEEEEING.
 24025 | D:15     | 24025 ||| FLEEEEING.
 24026 | D:15     | 24026 ||| FLEEEEING.
 24027 | D:15     | 24027 ||| FLEEEEING.
 24028 | D:15     | 24028 ||| FLEEEEING.
 24029 | D:15     | 24029 ||| FLEEEEING.
 24030 | D:15     | 24030 ||| FLEEEEING.
 24031 | D:15     | 24031 ||| FLEEEEING.
 24032 | D:15     | 24032 ||| FLEEEEING.
 24036 | D:15     | 24036 ||| FLEEEEING.
 24037 | D:15     | 24037 ||| FLEEEEING.
 24038 | D:15     | 24038 ||| FLEEEEING.
 24039 | D:15     | 24039 ||| FLEEEEING.
 24040 | D:15     | 24040 ||| FLEEEEING.
 24041 | D:15     | 24041 ||| FLEEEEING.
 24042 | D:15     | 24042 ||| FLEEEEING.
 24043 | D:15     | 24043 ||| FLEEEEING.
 24044 | D:15     | 24044 ||| FLEEEEING.
 24045 | D:15     | 24045 ||| FLEEEEING.
 24046 | D:15     | 24046 ||| STAIRDANCE
 24233 | D:15     | 24233 ||| INVOKING Trog's Hand.
 24240 | D:15     | 24240 ||| INVOKING Berserk.
 24249 | D:15     | Reached skill level 18 in Shields
 24388 | D:15     | 24388 ||| Stepping ~*~*~tactically~*~*~ (hiding).
 24390 | D:15     | 24390 ||| Stepping ~*~*~tactically~*~*~ (hiding).
 24392 | D:15     | 24392 ||| Stepping ~*~*~tactically~*~*~ (hiding).
 24588 | D:15     | Found a staircase to the Depths.
 24711 | D:15     | 24711 ||| PLANNING ORC
 24812 | Orc:1    | Entered Level 1 of the Orcish Mines
 24818 | Orc:1    | 24818 ||| INVOKING Berserk.
 24947 | Orc:1    | 24947 ||| DROPPING -2 demon whip of venom.
 24994 | Orc:1    | 24994 ||| Stepping ~*~*~tactically~*~*~ (stealth).
 24996 | Orc:1    | 24996 ||| Stepping ~*~*~tactically~*~*~ (hiding).
 25005 | Orc:1    | 25005 ||| Stepping ~*~*~tactically~*~*~ (hiding).
 25032 | Orc:1    | 25032 ||| Stepping ~*~*~tactically~*~*~ (stealth).
 25035 | Orc:1    | 25035 ||| Stepping ~*~*~tactically~*~*~ (hiding).
 25063 | Orc:1    | 25063 ||| Stepping ~*~*~tactically~*~*~ (hiding).
 25064 | Orc:1    | 25064 ||| Stepping ~*~*~tactically~*~*~ (hiding).
 25306 | Orc:2    | Entered Level 2 of the Orcish Mines
 25307 | Orc:2    | 25307 ||| STAIRDANCE
 25354 | Orc:2    | Found a staircase to the Elven Halls.
 25359 | Orc:2    | 25359 ||| Stepping ~*~*~tactically~*~*~ (stealth).
 25361 | Orc:2    | 25361 ||| Stepping ~*~*~tactically~*~*~ (hiding).
 25362 | Orc:2    | 25362 ||| Stepping ~*~*~tactically~*~*~ (hiding).
 25363 | Orc:2    | 25363 ||| Stepping ~*~*~tactically~*~*~ (hiding).
 25365 | Orc:2    | 25365 ||| Stepping ~*~*~tactically~*~*~ (hiding).
 25393 | Orc:2    | 25393 ||| Stepping ~*~*~tactically~*~*~ (stealth).
 25398 | Orc:2    | 25398 ||| Stepping ~*~*~tactically~*~*~ (stealth).
 25400 | Orc:2    | 25400 ||| Stepping ~*~*~tactically~*~*~ (hiding).
 25403 | Orc:2    | 25403 ||| Stepping ~*~*~tactically~*~*~ (hiding).
 25496 | Orc:2    | 25496 ||| Stepping ~*~*~tactically~*~*~ (stealth).
 25498 | Orc:2    | 25498 ||| Stepping ~*~*~tactically~*~*~ (hiding).
 25501 | Orc:2    | 25501 ||| INVOKING Berserk.
 25525 | Orc:2    | Reached ***** piety under Trog
 25670 | Orc:2    | 25670 ||| Stepping ~*~*~tactically~*~*~ (stealth).
 25673 | Orc:2    | 25673 ||| Stepping ~*~*~tactically~*~*~ (hiding).
 25854 | Orc:2    | 25854 ||| Stepping ~*~*~tactically~*~*~ (hiding).
 25855 | Orc:2    | 25855 ||| Stepping ~*~*~tactically~*~*~ (hiding).
 26250 | Orc:2    | 26250 ||| Stepping ~*~*~tactically~*~*~ (hiding).
 26256 | Orc:2    | 26256 ||| Stepping ~*~*~tactically~*~*~ (hiding).
 26258 | Orc:2    | Found Kaal's Antique Weapon Boutique.
 26259 | Orc:2    | 26259 ||| INVOKING Berserk.
 26287 | Orc:2    | Reached skill level 15 in Fighting
 26301 | Orc:2    | Gained mutation: You occasionally shout uncontrollably at
                  | your foes. [a neqoxec]
 26423 | Orc:2    | Found Ylui's Distillery.
 26428 | Orc:2    | 26428 ||| BUYING potion of haste (130 gold).
 26428 | Orc:2    | Bought a potion of haste for 130 gold pieces
 26428 | Orc:2    | 26428 ||| BUYING potion of heal wounds (65 gold).
 26428 | Orc:2    | Bought a potion of heal wounds for 65 gold pieces
 26428 | Orc:2    | 26428 ||| BUYING potion of might (52 gold).
 26428 | Orc:2    | Bought a potion of might for 52 gold pieces
 26439 | Orc:2    | Found Inlaogg's Jewellery Shoppe.
 26441 | Orc:2    | Found Kawatath's Assorted Antiques.
 26452 | Orc:2    | 26452 ||| BUYING scroll of identify (50 gold).
 26452 | Orc:2    | Bought a scroll of identify for 50 gold pieces
 26455 | Orc:2    | 26455 ||| BUYING ring of ice (300 gold).
 26455 | Orc:2    | Bought a ring of ice for 300 gold pieces
 26455 | Orc:2    | 26455 ||| BUYING ring of poison resistance (240 gold).
 26455 | Orc:2    | Bought a ring of poison resistance for 240 gold pieces
 26455 | Orc:2    | 26455 ||| BUYING ring of protection from fire (300 gold).
 26455 | Orc:2    | Bought a ring of protection from fire for 300 gold pieces
 26631 | Orc:2    | 26631 ||| DROPPING ring of fire.
 26675 | Orc:1    | Found Nemo's Mayhem Merchandise.
 26847 | Orc:1    | 26847 ||| PLANNING SWAMP:1-3
 27002 | Swamp:1  | Entered Level 1 of the Swamp
 27101 | Swamp:1  | 27101 ||| INVOKING Berserk.
 27467 | Swamp:1  | 27467 ||| INVOKING Berserk.
 28004 | Swamp:1  | 28004 ||| Stepping ~*~*~tactically~*~*~ (water).
 28542 | Swamp:1  | 28542 ||| Stepping ~*~*~tactically~*~*~ (stealth).
 28552 | Swamp:1  | 28552 ||| Stepping ~*~*~tactically~*~*~ (stealth).
 28567 | Swamp:1  | Reached skill level 15 in Armour
 28574 | Swamp:1  | 28574 ||| Stepping ~*~*~tactically~*~*~ (stealth).
 28695 | Swamp:1  | 28695 ||| Stepping ~*~*~tactically~*~*~ (stealth).
 28807 | Swamp:1  | 28807 ||| DROPPING ring of flight.
 28839 | Swamp:2  | 28839 ||| INVOKING Berserk.
 28980 | Swamp:2  | 28980 ||| INVOKING Berserk.
 28991 | Swamp:2  | 28991 ||| INVOKING Brothers in Arms.
 28992 | Swamp:2  | 28992 ||| SWAPPING to +0 hand axe of flaming.
 28993 | Swamp:2  | 28993 ||| Stepping ~*~*~tactically~*~*~ (water).
 28997 | Swamp:2  | 28997 ||| SWAPPING to +6 broad axe of Watchfulness {freeze,
                  | rElec Int+5}.
 29190 | Swamp:2  | 29190 ||| Stepping ~*~*~tactically~*~*~ (cloud).
 29191 | Swamp:2  | 29191 ||| INVOKING Berserk.
 29203 | Swamp:2  | Reached XP level 16. HP: 151/151 MP: 15/15
 29209 | Swamp:2  | 29209 ||| Stepping ~*~*~tactically~*~*~ (water).
 29210 | Swamp:2  | 29210 ||| INVOKING Brothers in Arms.
 29614 | Swamp:2  | Noticed Frances
 29615 | Swamp:2  | 29615 ||| INVOKING Brothers in Arms.
 29618 | Swamp:2  | 29618 ||| INVOKING Berserk.
 29623 | Swamp:2  | Killed Frances
 29624 | Swamp:2  | Reached skill level 9 in Dodging
 29941 | Swamp:3  | 29941 ||| INVOKING Berserk.
 29961 | Swamp:3  | 29961 ||| Stepping ~*~*~tactically~*~*~ (stealth).
 29979 | Swamp:3  | 29979 ||| Stepping ~*~*~tactically~*~*~ (stealth).
 30103 | Swamp:3  | 30103 ||| Stepping ~*~*~tactically~*~*~ (stealth).
 30116 | Swamp:3  | 30116 ||| READING scroll of enchant armour.
 30116 | Swamp:3  | 30116 ||| ENCHANTING +0 cloak.
 30139 | Swamp:3  | 30139 ||| Stepping ~*~*~tactically~*~*~ (hiding).
 30219 | Swamp:3  | 30219 ||| Stepping ~*~*~tactically~*~*~ (water).
 30230 | Swamp:3  | 30230 ||| INVOKING Berserk.
 30244 | Swamp:3  | Reached skill level 19 in Shields
 30244 | Swamp:3  | HP: 52/226 [spore (21)]
 30250 | Swamp:3  | 30250 ||| READING 13 scrolls of teleportation.
 30250 | Swamp:3  | HP: 7/151 [swamp worm/harpoon shot (14)]
 30251 | Swamp:3  | 30251 ||| DRINKING 3 potions of heal wounds.
 30678 | Swamp:3  | Identified the +4 hand axe "Utac" {distort, *Corrode rElec
                  | rF+ Str+4}
 30700 | Swamp:3  | 30700 ||| Stepping ~*~*~tactically~*~*~ (stealth).
 30705 | Swamp:3  | 30705 ||| Stepping ~*~*~tactically~*~*~ (hiding).
 30898 | Swamp:3  | 30898 ||| PLANNING SNAKE:1-3
 30898 | Swamp:3  | 30898 ||| DROPPING amulet of guardian spirit.
 31027 | Snake:1  | Entered Level 1 of the Snake Pit
 31232 | Snake:1  | 31232 ||| Stepping ~*~*~tactically~*~*~ (hiding).
 31282 | Snake:1  | 31282 ||| INVOKING Berserk.
 31333 | Snake:1  | Found Ellilir's Armour Shop.
 31616 | Snake:1  | 31616 ||| DROPPING amulet of faith.
 31667 | Snake:2  | 31667 ||| Stepping ~*~*~tactically~*~*~ (hiding).
 31669 | Snake:2  | 31669 ||| Stepping ~*~*~tactically~*~*~ (hiding).
 31742 | Snake:2  | 31742 ||| INVOKING Berserk.
 32002 | Snake:2  | 32002 ||| Stepping ~*~*~tactically~*~*~ (stealth).
 32021 | Snake:2  | 32021 ||| FLEEEEING.
 32193 | Snake:2  | 32193 ||| Stepping ~*~*~tactically~*~*~ (stealth).
 32196 | Snake:2  | 32196 ||| Stepping ~*~*~tactically~*~*~ (hiding).
 32211 | Snake:2  | 32211 ||| Stepping ~*~*~tactically~*~*~ (hiding).
 32214 | Snake:2  | 32214 ||| Stepping ~*~*~tactically~*~*~ (hiding).
 32215 | Snake:2  | 32215 ||| Stepping ~*~*~tactically~*~*~ (hiding).
 32357 | Snake:2  | 32357 ||| Stepping ~*~*~tactically~*~*~ (hiding).
 32377 | Snake:2  | 32377 ||| INVOKING Berserk.
 32392 | Snake:2  | 32392 ||| INVOKING Brothers in Arms.
 32396 | Snake:2  | 32396 ||| INVOKING Brothers in Arms.
 32438 | Snake:2  | 32438 ||| Stepping ~*~*~tactically~*~*~ (stealth).
 32452 | Snake:2  | 32452 ||| Stepping ~*~*~tactically~*~*~ (hiding).
 32474 | Snake:2  | 32474 ||| INVOKING Berserk.
 32485 | Snake:2  | HP: 37/155 [poisoned by a naga ritualist (toxic radiance)]
 32893 | Snake:2  | 32893 ||| Stepping ~*~*~tactically~*~*~ (hiding).
 32929 | Snake:2  | 32929 ||| FLEEEEING.
 32930 | Snake:2  | 32930 ||| FLEEEEING.
 32931 | Snake:2  | 32931 ||| FLEEEEING.
 32932 | Snake:2  | 32932 ||| FLEEEEING.
 32956 | Snake:2  | 32956 ||| FLEEEEING.
 32957 | Snake:2  | 32957 ||| FLEEEEING.
 32964 | Snake:2  | 32964 ||| FLEEEEING.
 32982 | Snake:2  | 32982 ||| Stepping ~*~*~tactically~*~*~ (hiding).
 32998 | Snake:2  | 32998 ||| Stepping ~*~*~tactically~*~*~ (hiding).
 33054 | Snake:2  | 33054 ||| Stepping ~*~*~tactically~*~*~ (stealth).
 33065 | Snake:2  | 33065 ||| Stepping ~*~*~tactically~*~*~ (hiding).
 33091 | Snake:2  | Received a gift from Trog
 33101 | Snake:2  | 33101 ||| FLEEEEING.
 33102 | Snake:2  | 33102 ||| STAIRDANCE
 33152 | Snake:1  | 33152 ||| UPGRADING to +0 tower shield of positive energy.
 33162 | Snake:1  | 33162 ||| DROPPING +0 tower shield.
 33174 | Snake:2  | 33174 ||| READING scroll of acquirement.
 33174 | Snake:2  | 33174 ||| ACQUIRING 506 gold pieces
 33174 | Snake:2  | Acquired 506 gold pieces
 33621 | Snake:2  | 33621 ||| INVOKING Berserk.
 33626 | Snake:2  | Reached skill level 18 in Fighting
 33960 | Snake:3  | 33960 ||| Stepping ~*~*~tactically~*~*~ (hiding).
 34228 | Snake:3  | Reached XP level 17. HP: 163/163 MP: 16/16
 34243 | Snake:3  | 34243 ||| INVOKING Berserk.
 34371 | Snake:3  | Noticed Vashnia
 34372 | Snake:3  | 34372 ||| Stepping ~*~*~tactically~*~*~ (stealth).
 34373 | Snake:3  | 34373 ||| FLEEEEING.
 34374 | Snake:3  | 34374 ||| FLEEEEING.
 34377 | Snake:3  | 34377 ||| FLEEEEING.
 34396 | Snake:3  | 34396 ||| Stepping ~*~*~tactically~*~*~ (hiding).
 34398 | Snake:3  | 34398 ||| INVOKING Berserk.
 34410 | Snake:3  | 34410 ||| INVOKING Brothers in Arms.
 34418 | Snake:3  | Killed Vashnia
 34452 | Snake:3  | 34452 ||| FLEEEEING.
 34579 | Snake:3  | 34579 ||| Stepping ~*~*~tactically~*~*~ (hiding).
 34582 | Snake:3  | 34582 ||| Stepping ~*~*~tactically~*~*~ (hiding).
 34583 | Snake:3  | 34583 ||| Stepping ~*~*~tactically~*~*~ (hiding).
 34587 | Snake:3  | 34587 ||| INVOKING Berserk.
 34595 | Snake:3  | 34595 ||| INVOKING Brothers in Arms.
 34784 | Snake:3  | 34784 ||| Stepping ~*~*~tactically~*~*~ (stealth).
 34984 | Snake:3  | 34984 ||| Stepping ~*~*~tactically~*~*~ (hiding).
 35004 | Snake:3  | 35004 ||| Stepping ~*~*~tactically~*~*~ (hiding).
 35319 | Snake:3  | 35319 ||| PLANNING SWAMP:4
 35319 | Snake:3  | 35319 ||| DROPPING ring of ice.
 35320 | Snake:3  | 35320 ||| DROPPING +6 ring of dexterity.
 35477 | Swamp:4  | Entered Level 4 of the Swamp
 35478 | Swamp:4  | 35478 ||| STAIRDANCE
 35483 | Swamp:4  | 35483 ||| Stepping ~*~*~tactically~*~*~ (hiding).
 35491 | Swamp:4  | 35491 ||| INVOKING Berserk.
 35492 | Swamp:4  | Noticed Mlioglotl
 35503 | Swamp:4  | 35503 ||| INVOKING Brothers in Arms.
 35506 | Swamp:4  | 35506 ||| INVOKING Brothers in Arms.
 35507 | Swamp:4  | HP: 33/163 [constriction (14)]
 35508 | Swamp:4  | 35508 ||| READING 13 scrolls of teleportation.
 35509 | Swamp:4  | 35509 ||| DRINKING 3 potions of heal wounds.
 35510 | Swamp:4  | 35510 ||| DRINKING 2 potions of heal wounds.
 35546 | Swamp:4  | 35546 ||| INVOKING Berserk.
 35550 | Swamp:4  | Reached skill level 20 in Shields
 35565 | Swamp:4  | 35565 ||| INVOKING Brothers in Arms.
 35566 | Swamp:4  | 35566 ||| INVOKING Brothers in Arms.
 35619 | Swamp:4  | Noticed Donald
 35623 | Swamp:4  | 35623 ||| INVOKING Berserk.
 35633 | Swamp:4  | Killed Donald
 35660 | Swamp:4  | 35660 ||| Stepping ~*~*~tactically~*~*~ (water).
 35673 | Swamp:4  | 35673 ||| INVOKING Berserk.
 35677 | Swamp:4  | Paralysed by an apocalypse crab for 5 turns
 35678 | Swamp:4  | HP: 59/247 [sun demon[Mlioglotl] (15)]
 35679 | Swamp:4  | HP: 12/247 [Mlioglotl (27)]
 35680 | Swamp:4  | HP: 4/247 [Mlioglotl (8)]
 35680 | Swamp:4  | Demolished by Mlioglotl

Levels and vault maps discovered:
D:1:      grunt_arrival_lava_bath, layout_basic, serial_forest,
          infiniplex_forest_zigzag_1, infiniplex_forest_lined_3,
          infiniplex_forest_clump_small, infiniplex_forest_corner_2,
          infiniplex_forest_lined_3_way,
          shapermc_ecumenical_altar_mp_ritualfount
D:2:      layout_basic
D:3:      layout_rooms, portal_sewer_entry_b, hangedman_decor_riveting
D:4:      layout_basic, nicolae_overflow_two_pavilions, minmay_cupped,
          uniq_eustachio, uniq_menkaure
D:5:      layout_loops_cross, minmay_temple_entry_offerings
D:6:      wander_river, layout_loops_ring, serial_shops,
          nicolae_shop_advertising_works [nicolae_subvault_shop_adworks], shop,
          shop, shop
D:7:      layout_loops_corners, nicolae_sif_muna_little_library,
          hangedman_abyss_or_decor_stagger, feat_on_display
D:8:      layout_loops_cross, guppyfry_shop_venom, uniq_erica
D:9:      layout_layer_cave, uniq_amaemon
D:10:     layout_gridville, gammafunk_ghost_nasty_kobolds
D:11:     layout_irregular_city, lair_entry_dummy, nicolae_titane, uniq_erolcha
D:12:     layout_layer_cave, hiddenorc1_lemuel,
          nicolae_trove_entry_path_of_doom, uniq_nessos
D:13:     layout_rooms, ximxim_vaults_locker_room
D:14:     layout_loops_cross, nicolae_vehumet_altar_sigil, uniq_josephine
D:15:     hangedman_depths_entry_civil_slaughter, layout_cave_pools,
          chequers_jeans
Lair:1:   layout_cave_pods, maelrawn_ghost_gauntlet_escape, grunt_megastairs_5,
          lemuel_fruit_tree, uniq_sonja
Lair:2:   layout_concentric_octagons, minmay_swamp_entry_swarm,
          serial_bayou_crossing
Lair:3:   nzn_winding_woodlands_medium [nzn_winding_woodlands_5x5_closed_star,
          nzn_winding_woodlands_5x15_pool, nzn_winding_woodlands_5x5_perimeter,
          nzn_winding_woodlands_5x5_default,
          nzn_winding_woodlands_center_diamonds,
          nzn_winding_woodlands_5x5_cross, nzn_winding_woodlands_hourglass,
          nzn_winding_woodlands_5x15_sawtooth,
          nzn_winding_woodlands_5x5_default], layout_gridlike,
          minmay_snake_entry_guardpost_small, gauntlet_entry_generic,
          infiniplex_staircase_pool
Lair:4:   layout_gridlike, minmay_slime_entry_pillars
Lair:5:   gammafunk_lair_ancient_temple, layout_misc_corridors,
          hellmonk_guarded_unrand_vines, infiniplex_staircase_pool_2
Swamp:1:  nicolae_swamp_flooded_prison, layout_basic_swamp, hangedman_swamp_cone
Swamp:2:  layout_basic_swamp, evilmike_swamp_ruin_wall, uniq_frances
Swamp:3:  layout_basic_swamp, evilmike_swamp_ruin_house_4, swamp_pool2
Swamp:4:  swamp_basic_johnstein, layout_basic_swamp, uniq_mlioglotl, uniq_donald
Snake:1:  layout_rooms, serial_shops,
          nicolae_shop_temple_entry_statues_fountains, serial_bayou_shore_b
Snake:2:  layout_chambers
Snake:3:  layout_grid_maze, serial_bayou_shore_b, uniq_vashnia
Orc:1:    layout_caves, minmay_shop_mayhem, nicolae_orc_damp_corner
Orc:2:    st_orc_elflike, layout_diamond_mine, minmay_orc_keep

Skill      XL: |  1  2  3  4  5  6  7  8  9 10 11 12 13 14 15 16 17 |
---------------+----------------------------------------------------+-----
Axes           | 4 5 6 8 9 10 13 15 17 18 | 18.0
Fighting       | 4 5 7 9 10 12 13 15 18 | 18.2
Armour         | 3 6 7 9 11 13 15 16 17 | 17.0
Shields        | 4 9 11 12 14 16 17 18 19 20 | 20.0
Throwing       | 1 2 3 4 |  4.2
Dodging        | 3 4 5 7 8 10 | 10.0

Action                   |  1- 3 |  4- 6 |  7- 9 | 10-12 | 13-15 | 16-18 || total
-------------------------+-------+-------+-------+-------+-------+-------++-------
Melee: Hand axe          |   104 |   106 |    70 |       |     3 |       ||   283
       Headbutt          |     7 |    16 |    29 |    54 |   200 |   117 ||   423
       Punch             |     2 |     2 |       |       |       |       ||     4
       Broad axe         |       |       |   122 |   274 |   818 |   499 ||  1713
       Demon whip        |       |       |       |    27 |    49 |       ||    76
Throw: Boomerang         |       |     9 |    27 |    82 |   130 |    33 ||   281
Invok: Berserk           |     1 |     3 |     7 |    24 |    30 |    15 ||    80
       Brothers in Arms  |       |       |       |     1 |     4 |     9 ||    14
       Trog's Hand       |       |       |       |     1 |     4 |       ||     5
  Use: Scroll            |     2 |    10 |     9 |     8 |     2 |     4 ||    35
       Potion            |       |     1 |     3 |     2 |     2 |     3 ||    11
 Stab: Distracted        |       |       |       |       |     1 |       ||     1
Armor: Chain mail        |    22 |    40 |    30 |       |       |       ||    92
       Plate armour      |       |       |     9 |   127 |   245 |   128 ||   509
Dodge: Dodged            |    42 |    22 |    24 |    48 |   116 |    85 ||   337
Block: Other             |       |     1 |     3 |       |       |       ||     4
       Tower shield      |       |       |   160 |   351 |   828 |   563 ||  1902
       Reflection        |       |       |    13 |     5 |    25 |    76 ||   119

Table legend:
 A = Non-vault XP
 B = Vault XP
 C = Vault XP percentage of total XP
 D = Non-vault monster count
 E = Vault monster count
 F = Vault count percentage of total count
                 A         B        C        D         E       F
            +---------+---------+-------+---------+---------+-------
      Total |  171972 |   67495 |  28.2 |     635 |     173 |  21.4
            +---------+---------+-------+---------+---------+-------
        D:1 |      41 |       0 |   0.0 |      19 |       0 |   0.0
        D:2 |      57 |       0 |   0.0 |      21 |       0 |   0.0
        D:3 |     121 |      31 |  20.4 |      21 |       8 |  27.6
        D:4 |      42 |     359 |  89.5 |      14 |       3 |  17.6
        D:5 |     449 |       0 |   0.0 |      10 |       0 |   0.0
        D:6 |     826 |       0 |   0.0 |      11 |       0 |   0.0
        D:7 |    1009 |       0 |   0.0 |      29 |       0 |   0.0
        D:8 |    1983 |     862 |  30.3 |      31 |       3 |   8.8
        D:9 |    1696 |    1206 |  41.6 |      14 |       2 |  12.5
       D:10 |    1044 |       0 |   0.0 |       8 |       0 |   0.0
       D:11 |    3382 |     884 |  20.7 |      17 |       1 |   5.6
       D:12 |    3185 |    1972 |  38.2 |      10 |      20 |  66.7
       D:13 |    6585 |    4185 |  38.9 |      14 |      11 |  44.0
       D:14 |   12577 |    1548 |  11.0 |      20 |       4 |  16.7
       D:15 |    4975 |    4400 |  46.9 |      12 |       6 |  33.3
     Lair:1 |      93 |     870 |  90.3 |       1 |       2 |  66.7
     Lair:2 |    2407 |     737 |  23.4 |       7 |       4 |  36.4
     Lair:3 |    7446 |    3982 |  34.8 |      20 |      12 |  37.5
     Lair:4 |   17916 |     590 |   3.2 |      45 |       4 |   8.2
     Lair:5 |   11170 |   12431 |  52.7 |      41 |      27 |  39.7
    Swamp:1 |    6604 |   14498 |  68.7 |      13 |      23 |  63.9
    Swamp:2 |   12743 |    1481 |  10.4 |      18 |       1 |   5.3
    Swamp:3 |    5177 |       0 |   0.0 |      13 |       0 |   0.0
    Swamp:4 |    4081 |    2156 |  34.6 |      13 |       2 |  13.3
    Snake:1 |    9272 |       0 |   0.0 |      20 |       0 |   0.0
    Snake:2 |   36026 |       0 |   0.0 |      74 |       0 |   0.0
    Snake:3 |   15250 |    6753 |  30.7 |      32 |       6 |  15.8
      Orc:1 |    3121 |       0 |   0.0 |      46 |       0 |   0.0
      Orc:2 |    2694 |    8550 |  76.0 |      41 |      34 |  45.3
            +---------+---------+-------+---------+---------+-------
